ABL
COLLINGWOOD MAGPIES @ CARLTON BLUES
08/31/2022
 
TOP OF THE 1ST
Collingwood Magpies batting - Pitching for Carlton Blues : RHP Bob Kent
Pitching: RHP Bob Kent
Batting: SHB Colin Attoehow 0-0: Foul Ball, location: 3FF
0-1: Ground out 4-3 (Groundball, 4, EV 80.6 MPH)
Batting: RHB Sinbad Trounson 0-0: Fly out, F2 (Popup, 2R, EV 95.6 MPH)
Batting: RHB Kevin Camira 0-0: Called Strike
0-1: DOUBLE (Flyball, 89XD, EV 102.5 MPH)
Batting: RHB Jamie Berriman 0-0: Ball
1-0: Ball
2-0: Called Strike
2-1: Foul Ball, location: 2F
2-2: Foul Ball, location: 5FF
2-2: Foul Ball, location: 2F
2-2: SINGLE (Line Drive, 78S, EV 93.1 MPH)
Kevin Camira to third
Runner from 3rd tries for Home, SAFE, throw by LF to home
Batting: LHB John Mitford 0-0: Ball
1-0: Fly out, F8 (Flyball, 8LXD, EV 87.5 MPH)
Top of the 1st over - 1 run, 2 hits, 0 errors, 1 left on base; Collingwood 1 - Carlton 0
BOTTOM OF THE 1ST
Carlton Blues batting - Pitching for Collingwood Magpies : RHP Ian Pearson
Pitching: RHP Ian Pearson
Batting: LHB Cane Walburn 0-0: Swinging Strike
0-1: Ball
1-1: Swinging Strike
1-2: Ball
2-2: Ground out 5-3 (Groundball, 56S, EV 78.8 MPH)
Batting: RHB Ben Brennan 0-0: Ground out 6-3 (Groundball, 6, EV 86.3 MPH)
Batting: RHB Mick Lees 0-0: Ball
1-0: Called Strike
1-1: Ball
2-1: Ball
3-1: SOLO HOME RUN (Flyball, 7D, EV 94.4 MPH), Distance : 364 ft
Batting: LHB Michael Morrall 0-0: Foul Ball, location: 3F
0-1: Foul Ball, location: 2LF
0-2: Ball
1-2: Ball
2-2: Strikes out swinging
Bottom of the 1st over - 1 run, 1 hit, 0 errors, 0 left on base; Collingwood 1 - Carlton 1
TOP OF THE 2ND
Collingwood Magpies batting - Pitching for Carlton Blues : RHP Bob Kent
Batting: RHB Don Bonfield 0-0: Called Strike
0-1: Swinging Strike
0-2: Ball
1-2: Ball
2-2: Ball
3-2: Foul Ball, location: 5FF
3-2: Fly out, F7 (Flyball, 78M, EV 91.3 MPH)
Batting: LHB Charlie Hodkinson 0-0: Called Strike
0-1: Ball
1-1: Fly out, F7 (Flyball, 7, EV 90.0 MPH)
Batting: SHB Jim McIntosh 0-0: Ball
1-0: Called Strike
1-1: Ball
2-1: Ball
3-1: Swinging Strike
3-2: SOLO HOME RUN (Flyball, 7D, EV 92.5 MPH), Distance : 338 ft
Batting: RHB Ian Pearson 0-0: Called Strike
0-1: Foul Ball, location: 25F
0-2: Ball
1-2: Strikes out swinging
Top of the 2nd over - 1 run, 1 hit, 0 errors, 0 left on base; Collingwood 2 - Carlton 1
BOTTOM OF THE 2ND
Carlton Blues batting - Pitching for Collingwood Magpies : RHP Ian Pearson
Batting: LHB Chris McFadgean 0-0: Ground out 6-3 (Groundball, P, EV 88.1 MPH)
Batting: LHB Hau Kapena 0-0: Ball
1-0: Called Strike
1-1: Ball
2-1: Fly out, F6 (Flyball, 6D, EV 95.0 MPH)
Batting: RHB Nick Camira 0-0: Ball
1-0: Foul Ball, location: 3SF
1-1: Swinging Strike
1-2: Fly out, F9 (Flyball, 9, EV 85.0 MPH)
Bottom of the 2nd over - 0 runs, 0 hits, 0 errors, 0 left on base; Collingwood 2 - Carlton 1
TOP OF THE 3RD
Collingwood Magpies batting - Pitching for Carlton Blues : RHP Bob Kent
Batting: SHB Colin Attoehow 0-0: Ball
1-0: Ball
2-0: Called Strike
2-1: Ball
3-1: Foul Ball, location: 7LDF
3-2: Base on Balls
Batting: RHB Sinbad Trounson 0-0: Ball
Colin Attoehow is caught stealing 2nd base 2-4
1-0: Foul Ball, location: 25FF
1-1: Called Strike
1-2: Foul Ball, location: 3F
1-2: SINGLE (Groundball, 34D, EV 95.0 MPH)
Batting: RHB Kevin Camira 0-0: Called Strike
0-1: Foul Ball, location: 2F
0-2: Ball
1-2: Ball
2-2: Fly out, F9 (Flyball, 9S, EV 96.9 MPH)
Batting: RHB Jamie Berriman 0-0: Ball
1-0: DOUBLE (Flyball, 8RXD, EV 107.5 MPH)
Sinbad Trounson to third
Runner from 3rd tries for Home, SAFE, no throw by CF
Batting: LHB John Mitford 0-0: Called Strike
0-1: Ball
1-1: Fly out, F9 (Flyball, 9LMF, EV 93.1 MPH)
Top of the 3rd over - 1 run, 2 hits, 0 errors, 1 left on base; Collingwood 3 - Carlton 1
BOTTOM OF THE 3RD
Carlton Blues batting - Pitching for Collingwood Magpies : RHP Ian Pearson
Batting: RHB Donny Creaser 0-0: Ball
1-0: Called Strike
1-1: Fly out, F9 (Flyball, 9LS, EV 85.6 MPH)
Batting: RHB Bob Kent 0-0: Ground out 5-3 (Groundball, 5, EV 81.3 MPH)
Batting: LHB Cane Walburn 0-0: Swinging Strike
0-1: Foul Ball, location: 2F
0-2: Foul Ball, location: 2F
0-2: Foul Ball, location: 5FF
0-2: Foul Ball, location: 7LDF
0-2: Ball
1-2: Foul Ball, location: 3DF
1-2: Ball
2-2: SINGLE (Groundball, 6D, EV 97.5 MPH)
Batting: RHB Ben Brennan 0-0: SINGLE (Line Drive, 89S, EV 107.5 MPH)
Cane Walburn to second
Batting: RHB Mick Lees 0-0: Foul Ball, location: 2F
0-1: Foul Ball, location: 7LSF
0-2: Foul Ball, location: 5F
0-2: Foul Ball, location: 2F
0-2: Foul Ball, location: 9LDF
0-2: Fly out, F6 (Popup, 6S, EV 69.4 MPH)
Bottom of the 3rd over - 0 runs, 2 hits, 0 errors, 2 left on base; Collingwood 3 - Carlton 1
TOP OF THE 4TH
Collingwood Magpies batting - Pitching for Carlton Blues : RHP Bob Kent
Batting: RHB Don Bonfield 0-0: Called Strike
0-1: Foul Ball, location: 2F
0-2: Ground out 4-3 (Groundball, 4, EV 91.9 MPH)
Batting: LHB Charlie Hodkinson 0-0: Called Strike
0-1: Ball
1-1: Ball
2-1: Swinging Strike
2-2: Ball
3-2: Fly out, F8 (Flyball, 8LXD, EV 95.6 MPH)
Batting: SHB Jim McIntosh 0-0: Foul Ball, location: 5SF
0-1: Ball
1-1: Ball
2-1: Called Strike
2-2: Foul Ball, location: 2F
2-2: SINGLE (Groundball, 56S, EV 68.1 MPH) (infield hit)
Batting: RHB Ian Pearson 0-0: Foul Ball, location: 5F
0-1: Ball
1-1: Ball
2-1: Swinging Strike
2-2: Strikes out swinging
Top of the 4th over - 0 runs, 1 hit, 0 errors, 1 left on base; Collingwood 3 - Carlton 1
BOTTOM OF THE 4TH
Carlton Blues batting - Pitching for Collingwood Magpies : RHP Ian Pearson
Batting: LHB Michael Morrall 0-0: Called Strike
0-1: Swinging Strike
0-2: Foul Ball, location: 23F
0-2: Ball
1-2: Foul Ball, location: 2F
1-2: Fly out, F8 (Flyball, 8LM, EV 91.3 MPH)
Batting: LHB Chris McFadgean 0-0: Ball
1-0: Called Strike
1-1: Foul Ball, location: 7LMF
1-2: Fly out, F9 (Flyball, 9, EV 88.8 MPH)
Batting: LHB Hau Kapena 0-0: Swinging Strike
0-1: Called Strike
0-2: Strikes out swinging
Bottom of the 4th over - 0 runs, 0 hits, 0 errors, 0 left on base; Collingwood 3 - Carlton 1
TOP OF THE 5TH
Collingwood Magpies batting - Pitching for Carlton Blues : RHP Bob Kent
Batting: SHB Colin Attoehow 0-0: Ball
1-0: Ball
2-0: SINGLE (Groundball, 6MD, EV 96.9 MPH)
Batting: RHB Sinbad Trounson 0-0: Bunted foul
0-1: Ball
1-1: Sac Bunt to P - play at first, batter OUT! 1-3
Colin Attoehow to second
Batting: RHB Kevin Camira 0-0: Called Strike
0-1: Ball
1-1: Ball
2-1: Fly out, F8 (Flyball, 8LD, EV 103.1 MPH)
Pitching: RHP Mark Finlay
Batting: RHB Jamie Berriman 0-0: Foul Ball, location: 3DF
0-1: Ball
1-1: Called Strike
1-2: Strikes out swinging
Top of the 5th over - 0 runs, 1 hit, 0 errors, 1 left on base; Collingwood 3 - Carlton 1
BOTTOM OF THE 5TH
Carlton Blues batting - Pitching for Collingwood Magpies : RHP Ian Pearson
Batting: RHB Nick Camira 0-0: Ball
1-0: Ball
2-0: Called Strike
2-1: Fly out, F8 (Flyball, 89M, EV 86.3 MPH)
Batting: RHB Donny Creaser 0-0: Fly out, F8 (Flyball, 8RM, EV 85.0 MPH)
Batting: SHB Mark Finlay 0-0: Called Strike
0-1: Ball
1-1: Ball
2-1: Ball
3-1: Base on Balls
Batting: LHB Cane Walburn 0-0: Ball
1-0: Ball
2-0: Foul Ball, location: 5FF
2-1: Ball
3-1: Ground out 3-1 (Groundball, 34S, EV 86.9 MPH)
Bottom of the 5th over - 0 runs, 0 hits, 0 errors, 1 left on base; Collingwood 3 - Carlton 1
TOP OF THE 6TH
Collingwood Magpies batting - Pitching for Carlton Blues : RHP Mark Finlay
Batting: LHB John Mitford 0-0: Swinging Strike
0-1: Swinging Strike
0-2: Ball
1-2: Ball
2-2: Ground out 6-3 (Groundball, 4M, EV 86.3 MPH)
Batting: RHB Don Bonfield 0-0: Called Strike
0-1: Ball
1-1: Ground out 6-3 (Groundball, 6M, EV 91.9 MPH)
Batting: LHB Charlie Hodkinson 0-0: Ball
1-0: Ball
2-0: Ball
3-0: Called Strike
3-1: Swinging Strike
3-2: Strikes out swinging
Top of the 6th over - 0 runs, 0 hits, 0 errors, 0 left on base; Collingwood 3 - Carlton 1
BOTTOM OF THE 6TH
Carlton Blues batting - Pitching for Collingwood Magpies : RHP Ian Pearson
Batting: RHB Ben Brennan 0-0: Swinging Strike
0-1: Ball
1-1: Fly out, F6 (Line Drive, 6, EV 69.4 MPH)
Batting: RHB Mick Lees 0-0: Swinging Strike
0-1: Ball
1-1: Ball
2-1: Ball
3-1: Base on Balls
Batting: LHB Michael Morrall 0-0: Called Strike
0-1: Fly out, F8 (Flyball, 8LM, EV 89.4 MPH)
Batting: LHB Chris McFadgean 0-0: Ball
1-0: Ball
2-0: Foul Ball, location: 25FF
2-1: Ball
3-1: Base on Balls
Mick Lees to second
Batting: LHB Hau Kapena 0-0: Ball
1-0: Ball
2-0: Foul Ball, location: 3FF
2-1: Foul Ball, location: 2F
2-2: Foul Ball, location: 2LF
2-2: Ball
3-2: Fly out, F7 (Flyball, 78XD, EV 103.8 MPH)
Bottom of the 6th over - 0 runs, 0 hits, 0 errors, 2 left on base; Collingwood 3 - Carlton 1
TOP OF THE 7TH
Collingwood Magpies batting - Pitching for Carlton Blues : RHP Mark Finlay
Batting: SHB Jim McIntosh 0-0: Ball
1-0: SINGLE (Line Drive, 8LS, EV 82.5 MPH)
Pinch Hitting: RHB Kazumasa Koide 0-0: Ball
1-0: Ball
2-0: Called Strike
2-1: Swinging Strike
2-2: Foul Ball, location: 2F
2-2: Ball
3-2: Strikes out swinging
Jim McIntosh is caught stealing 2nd base 2-4
Batter strikes out.
Batting: SHB Colin Attoehow 0-0: Ball
1-0: Swinging Strike
1-1: Hit by Pitch
Batting: RHB Sinbad Trounson 0-0: Called Strike
0-1: Foul Ball, location: 9LMF
0-2: Strikes out swinging
Top of the 7th over - 0 runs, 1 hit, 0 errors, 1 left on base; Collingwood 3 - Carlton 1
BOTTOM OF THE 7TH
Carlton Blues batting - Pitching for Collingwood Magpies : RHP Ian Pearson
Pitching: RHP Keiran D'Arcy
Batting: RHB Nick Camira 0-0: Called Strike
0-1: Ball
1-1: Ground out 5-3 (Groundball, 56, EV 106.3 MPH)
Batting: RHB Donny Creaser 0-0: Called Strike
0-1: Swinging Strike
0-2: Foul Ball, location: 2F
0-2: Ground out 5-3 (Groundball, 56, EV 84.4 MPH)
Pinch Hitting: RHB Alan Francombe 0-0: Ball
1-0: Ball
2-0: Ball
3-0: Called Strike
3-1: Ground out 1-3 (Groundball, P, EV 68.8 MPH)
Bottom of the 7th over - 0 runs, 0 hits, 0 errors, 0 left on base; Collingwood 3 - Carlton 1
TOP OF THE 8TH
Collingwood Magpies batting - Pitching for Carlton Blues : RHP Mark Finlay
Pitching: RHP Jan Skerrett
Batting: RHB Kevin Camira 0-0: Ball
1-0: Fly out, F8 (Flyball, 89M, EV 93.1 MPH)
Batting: RHB Jamie Berriman 0-0: Ball
1-0: Ball
2-0: Ball
3-0: Base on Balls
Batting: LHB John Mitford 0-0: Ball
1-0: Foul Ball, location: 7LDF
1-1: Foul Ball, location: 2F
1-2: Foul Ball, location: 2F
1-2: Ball
2-2: Foul Ball, location: 25F
2-2: Foul Ball, location: 3SF
2-2: Ball
3-2: SINGLE (Line Drive, 5D, EV 100.6 MPH)
Jamie Berriman to second
Jamie Berriman to third
Batting: RHB Don Bonfield 0-0: Reached via error on a dropped throw from 2B, E6 (Groundball, 4, EV 88.8 MPH)
Jamie Berriman scores
John Mitford to second
Batting: LHB Charlie Hodkinson 0-0: Ball
1-0: Called Strike
1-1: Swinging Strike
1-2: Strikes out swinging
Batting: SHB Jim McIntosh 0-0: Foul Ball, location: 2F
0-1: Swinging Strike
0-2: Foul Ball, location: 9LSF
0-2: Ball
1-2: Ball
2-2: Strikes out swinging
Top of the 8th over - 1 run, 1 hit, 1 error, 2 left on base; Collingwood 4 - Carlton 1
BOTTOM OF THE 8TH
Carlton Blues batting - Pitching for Collingwood Magpies : RHP Keiran D'Arcy
Batting: LHB Cane Walburn 0-0: Ball
1-0: Ball
2-0: Called Strike
2-1: Ground out 4-3 (Groundball, 4, EV 91.3 MPH)
Batting: RHB Ben Brennan 0-0: Fly out, F8 (Flyball, 8RD, EV 101.9 MPH)
Batting: RHB Mick Lees 0-0: Ball
1-0: SINGLE (Line Drive, 56D, EV 110.0 MPH)
Batting: LHB Michael Morrall 0-0: Ball
1-0: Ball
2-0: Called Strike
2-1: Ball
3-1: Foul Ball, location: 7LSF
3-2: Foul Ball, location: 2F
3-2: Ground out 4-3 (Groundball, 34, EV 101.9 MPH)
Bottom of the 8th over - 0 runs, 1 hit, 0 errors, 1 left on base; Collingwood 4 - Carlton 1
TOP OF THE 9TH
Collingwood Magpies batting - Pitching for Carlton Blues : RHP Jan Skerrett
Pinch Hitting: LHB Harry Overton 0-0: Ball
1-0: SINGLE (Groundball, 56S, EV 65.6 MPH) (infield hit)
Batting: SHB Colin Attoehow 0-0: Swinging Strike
0-1: Fly out, F8 (Flyball, 8LM, EV 93.1 MPH)
Batting: RHB Sinbad Trounson 0-0: Ball
1-0: Fly out, F9 (Flyball, 89M, EV 88.1 MPH)
Batting: RHB Kevin Camira 0-0: Called Strike
0-1: Ball
Harry Overton is caught stealing 2nd base 2-4
Top of the 9th over - 0 runs, 1 hit, 0 errors, 0 left on base; Collingwood 4 - Carlton 1
BOTTOM OF THE 9TH
Carlton Blues batting - Pitching for Collingwood Magpies : RHP Keiran D'Arcy
Pitching: RHP Steve Walters
Now at 2B: Arnie Carleton
Batting: LHB Chris McFadgean 0-0: Foul Ball, location: 2F
0-1: Ball
1-1: Ball
2-1: Fly out, F8 (Flyball, 8LD, EV 108.1 MPH)
Batting: LHB Hau Kapena 0-0: Swinging Strike
0-1: Ball
1-1: Ball
2-1: Called Strike
2-2: Strikes out swinging
Batting: RHB Nick Camira 0-0: Ball
1-0: Called Strike
1-1: Ball
2-1: Fly out, F7 (Line Drive, 7, EV 93.8 MPH)
Bottom of the 9th over - 0 runs, 0 hits, 0 errors, 0 left on base; Collingwood 4 - Carlton 1
Saturday, May 4th , 2024 - OOTP Baseball 24.9 Build 80